 Dungeon Crawl Stone Soup version 0.19.0-2-gae57169 (webtiles) character file.

165 Gargoyl the Distorting Demonspawn (level 5, 0/61 HPs)
             Began as a Demonspawn Abyssal Knight on Nov 4, 2016.
             Was a Believer of Lugonu.
             Killed by nerve-wracking pain
             ... invoked by an orc priest
              (14 damage)
             ... on level 3 of the Dungeon.
             The game lasted 00:04:23 (2426 turns).

Gargoyl the Distorting Demonspawn (DsAK)            Turns: 2426, Time: 00:04:24

Health: 0/61       AC: 13    Str: 18    XL:     5   Next: 22%
Magic:  16/16      EV:  7    Int: 13    God:    Lugonu [**....]
Gold:   127        SH:  0    Dex: 13    Spells: 0 memorised, 4 levels left

rFire  . . .     SeeInvis .     a - +1 hand axe
rCold  . . .     Gourm    .     w - +0 chain mail
rNeg   . . .     Faith    .     (no shield)
rPois  .         Spirit   .     (helmet restricted)
rElec  .         Reflect  .     t - +0 cloak
rCorr  .         Harm     .     i - +0 pair of gloves
MR     .....                    (no boots)
Stlth  ..........               (no amulet)
                                (no ring)
                                e - ring of magical power

@: berserking, very quick
A: antennae 1, yellow scales 1, nightstalker 2
a: Depart the Abyss, Bend Space, Renounce Religion


You were on level 3 of the Dungeon.
You worshipped Lugonu.
Lugonu was pleased with you.
You were very hungry.

You visited 1 branch of the dungeon, and saw 3 of its levels.
You visited the Abyss 1 time.

You collected 127 gold pieces.

Inventory:

Hand Weapons
 a - a +1 hand axe (weapon)
Armour
 i - a +0 pair of gloves (worn)
 t - a +0 cloak (worn)
 w - a +0 chain mail (worn)
Jewellery
 e - a ring of magical power (left hand)
Wands
 o - a wand of digging (10/24)
Scrolls
 b - a scroll of blinking {unknown}
 d - a scroll of identify {unknown}
 g - a scroll of noise {unknown}
 h - a scroll of remove curse {unknown}
 j - 2 scrolls of magic mapping {unknown}
 k - a scroll of teleportation {unknown}
 l - a scroll of fear {unknown}
 r - a scroll of amnesia {unknown}
 x - a scroll of immolation {unknown}
Potions
 p - a potion of berserk rage
 q - a potion of ambrosia {unknown}
 s - a potion of degeneration {unknown}
 u - a potion of brilliance {unknown}
Books
 m - a book of Maledictions

   Spells                             Type                      Level
   a - Corona                         Hexes                        1
   b - Ensorcelled Hibernation        Hexes/Ice                    2
   c - Confuse                        Hexes                        3
   d - Tukima's Dance                 Hexes                        3
   e - Dazzling Spray                 Conjuration/Hexes            3
 n - a book of Minor Magic

   Spells                             Type                      Level
   a - Magic Dart                     Conjuration                  1
   b - Blink                          Translocation                2
   c - Call Imp                       Summoning                    2
   d - Repel Missiles                 Charms/Air                   2
   e - Slow                           Hexes                        2
   f - Conjure Flame                  Conjuration/Fire             3
   g - Mephitic Cloud                 Conjuration/Poison/Air       3
Comestibles
 c - 2 bread rations
 f - a beef jerky


   Skills:
 + Level 3.6 Fighting
 + Level 2.8 Axes
 * Level 3.0 Armour
 + Level 1.6 Dodging
 * Level 3.8 Invocations


You had 4 spell levels left.
You didn't know any spells.

Dungeon Overview and Level Annotations

Branches:
Dungeon (3/15)

Altars:
Makhleb


Innate Abilities, Weirdness & Mutations

You have a pair of small antennae on your head.
You are partially covered in yellow scales. (AC +2)
You are significantly more attuned to the shadows.


Message History

The orc priest is moderately wounded.
You hit the orc.
You kill the orc!
Lugonu accepts your kill.
You closely miss the orc. The orc hits you with a flail.
* * * LOW HITPOINT WARNING * * *
The orc priest hits you but does no damage.
It was a potion of berserk rage.
A red film seems to cover your vision as you go berserk!
You feel yourself moving faster!
You feel mighty! The orc hits you but does no damage.
The orc priest hits you but does no damage.
You slash the orc priest!
The orc priest is almost dead.
You slash the orc!
You kill the orc!
Lugonu accepts your kill.
The orc priest calls down the wrath of Beogh upon you.
Pain shoots through your body!
You die...

.....#.######
.....#)......
.............
....................
...................###
............<........
...................#
...............o)).#
................@..#
...................#####
...............$.......#
...................###
.......†.............# #
#####..............#.#.#
#####.##########.#.####.
#.# #.....<.....
#########.# #.........#


You could see an orc priest.

Vanquished Creatures
  A hound (D:2)
  Terence (D:2)
  4 adders
  3 oozes
  A worm (D:1)
  4 leopard geckos
  2 orcs (D:3)
  2 giant cockroaches (D:1)
  5 goblins
  9 hobgoblins
  3 jackals (D:2)
  A ball python (D:1)
  4 bats
  2 frilled lizards
  9 kobolds
  3 rats (D:2)
54 creatures vanquished.

Notes
Turn   | Place    | Note
-------+----------+-------------------------------------------
     0 | Abyss:1  | Gargoyl the Demonspawn Abyssal Knight began the quest for the Orb.
     0 | Abyss:1  | Reached XP level 1. HP: 18/18 MP: 2/2
    10 | Abyss:1  | Noticed an iron imp
    46 | Abyss:1  | Noticed a crimson imp
    62 | Abyss:1  | Noticed a small abomination
    65 | D:1      | Escaped the Abyss
   261 | D:1      | Reached skill level 1 in Dodging
   297 | D:1      | Gained mutation: You are partially covered in yellow scales. (AC +2) [demonic ancestry]
   297 | D:1      | Reached XP level 2. HP: 22/24 MP: 3/3
   458 | D:1      | Reached * piety under Lugonu
   767 | D:1      | Gained mutation: You are slightly more attuned to the shadows. [demonic ancestry]
   767 | D:1      | Reached XP level 3. HP: 29/29 MP: 4/4
   986 | D:2      | Found a burning altar of Makhleb.
   999 | D:2      | Gained mutation: You are significantly more attuned to the shadows. [demonic ancestry]
   999 | D:2      | Reached XP level 4. HP: 24/35 MP: 6/6
  1600 | D:2      | Noticed Terence
  1624 | D:2      | Killed Terence
  1864 | D:2      | Gained mutation: You have a pair of small antennae on your head. [demonic ancestry]
  1864 | D:2      | Reached XP level 5. HP: 41/41 MP: 7/7
  2221 | D:3      | Reached ** piety under Lugonu
  2426 | D:3      | Killed from afar by an orc priest

Skill      XL: |  1  2  3  4  5 |
---------------+----------------+-----
Dodging        | 1 |  1.6
Armour         | 2 3 |  3.0
Axes           | 2 |  2.8
Invocations    | 3 |  3.8
Fighting       | |  3.6

Action                   |  1- 3 |  4- 6 || total
-------------------------+-------+-------++-------
Melee: Hand axe          |    85 |   122 ||   207
Invok: Depart the Abyss  |     1 |       ||     1
  Use: Potion            |       |     1 ||     1
 Stab: Sleeping          |       |     1 ||     1
  Eat: Chunk             |       |     4 ||     4
Armor: Leather armour    |     4 |       ||     4
       Scale mail        |    28 |    31 ||    59
       Chain mail        |       |    49 ||    49
Dodge: Dodged            |    49 |    55 ||   104
